UAA
PHOENIX HOTSPUR YOUTH @ SANTA BARBARA STREAK
07/13/2017
 
TOP OF THE 1ST
Phoenix Hotspur Youth batting - Pitching for Santa Barbara Streak : RHP Il-gyung Kim
Pitching: RHP Il-gyung Kim
Batting: RHB Alejandro Ibarra 0-0: SINGLE (Groundball, 34)
Batting: LHB Alberto Torres 0-0: Ball
1-0: SINGLE (Groundball, 34D)
Alejandro Ibarra to second
Runner from 2nd tries for 3rd, SAFE, no throw or cutoff
Batting: LHB Mike Pace 0-0: Foul Ball, location: 2F
0-1: Ball
1-1: Swinging Strike
1-2: Foul Ball, location: 2F
1-2: Foul Ball, location: 2F
1-2: Foul Ball, location: 2F
1-2: Hit by Pitch
Alberto Torres to second
Batting: RHB Phil Terry 0-0: Swinging Strike
0-1: Swinging Strike
0-2: GRAND SLAM HOME RUN (Flyball, 7LD), Distance : 363 ft
Batting: LHB José Villarreal 0-0: Ball
1-0: Ball
2-0: Foul Ball, location: 2F
2-1: Ball
3-1: Foul Ball, location: 2F
3-2: SINGLE (Line Drive, 8LS)
Batting: RHB Nick Reed 0-0: Ball
1-0: Ball
2-0: Called Strike
2-1: SINGLE (Line Drive, 78S)
José Villarreal to second
Batting: RHB Patrick Shaw 0-0: Ball
1-0: Fly out, F7 (Flyball, 7M)
Batting: LHB Torquato Villani 0-0: Called Strike
0-1: Foul Ball, location: 2F
0-2: Ball
1-2: Fly out, F7 (Flyball, 78M)
Batting: SHB Jesús González 0-0: Ball
1-0: Ball
2-0: Foul Ball, location: 2F
2-1: Foul Ball, location: 2F
2-2: Strikes out swinging
Top of the 1st over - 4 run(s), 5 hit(s), 0 error(s), 2 left on base; Phoenix Hotspur 4 - Santa Barbara 0
BOTTOM OF THE 1ST
Santa Barbara Streak batting - Pitching for Phoenix Hotspur Youth : RHP Pedro Valdéz
Pitching: RHP Pedro Valdéz
Batting: RHB Pepe Medina 0-0: Ball
1-0: Called Strike
1-1: Swinging Strike
1-2: SINGLE (Line Drive, 89S)
Batting: RHB Gerald Ambler 0-0: Ball
1-0: SINGLE (Groundball, 56D)
Pepe Medina to second
Batting: RHB Bryan Armstrong 0-0: Called Strike
0-1: Called Strike
0-2: Ball
1-2: Strikes out swinging
Batting: RHB Wilson Ríos 0-0: Ball
1-0: Foul Ball, location: 2F
1-1: Foul Ball, location: 2F
1-2: Foul Ball, location: 2F
1-2: Fly out, F3 (Popup, 13)
Batting: SHB Michael Coleman 0-0: Ball
1-0: Called Strike
1-1: Swinging Strike
1-2: SINGLE (Line Drive, 89S)
Pepe Medina to third
Gerald Ambler to second
Batting: RHB Michael Hicks 0-0: SINGLE (Groundball, 56D)
Pepe Medina scores
Gerald Ambler to third
Michael Coleman to second
Runner from 3rd tries for Home, SAFE, no throw or cutoff
Batting: RHB Wayne Cameron 0-0: Called Strike
0-1: Ball
1-1: Swinging Strike
1-2: Ball
2-2: Ball
3-2: Ground out 3-1 (Groundball, 34)
Bottom of the 1st over - 2 run(s), 4 hit(s), 0 error(s), 2 left on base; Phoenix Hotspur 4 - Santa Barbara 2
TOP OF THE 2ND
Phoenix Hotspur Youth batting - Pitching for Santa Barbara Streak : RHP Il-gyung Kim
Batting: RHB Alejandro Ibarra 0-0: Called Strike
0-1: Ball
1-1: Ball
2-1: Foul Ball, location: 2F
2-2: Ball
3-2: Foul Ball, location: 2F
3-2: Strikes out swinging
Batting: LHB Alberto Torres 0-0: Swinging Strike
0-1: Foul Ball, location: 2F
0-2: Strikes out swinging
Batting: LHB Mike Pace 0-0: Fly out, F8 (Flyball, 8RM)
Top of the 2nd over - 0 run(s), 0 hit(s), 0 error(s), 0 left on base; Phoenix Hotspur 4 - Santa Barbara 2
BOTTOM OF THE 2ND
Santa Barbara Streak batting - Pitching for Phoenix Hotspur Youth : RHP Pedro Valdéz
Batting: RHB Gil Lowe 0-0: SOLO HOME RUN (Flyball, 78XD), Distance : 424 ft
Batting: SHB Terry Conley 0-0: Ground out U3 (Groundball, 3L)
Batting: RHB Pepe Medina 0-0: Ball
1-0: Called Strike
1-1: Called Strike
1-2: SINGLE (Groundball, 4M)
Batting: RHB Gerald Ambler 0-0: Foul Ball, location: 2F
0-1: Ball
1-1: Foul Ball, location: 2F
1-2: Ground out 5-3 (Groundball, 56S)
Pepe Medina to second
Batting: RHB Bryan Armstrong 0-0: Swinging Strike
0-1: Ball
1-1: Ground out 5-3 (Groundball, 56)
Bottom of the 2nd over - 1 run(s), 2 hit(s), 0 error(s), 1 left on base; Phoenix Hotspur 4 - Santa Barbara 3
TOP OF THE 3RD
Phoenix Hotspur Youth batting - Pitching for Santa Barbara Streak : RHP Il-gyung Kim
Batting: RHB Phil Terry 0-0: Ball
1-0: Ball
2-0: Foul Ball, location: 2F
2-1: Foul Ball, location: 2F
2-2: Ball
3-2: Foul Ball, location: 2F
3-2: Fly out, F8 (Flyball, 8LM)
Batting: LHB José Villarreal 0-0: Ball
1-0: Ball
2-0: Called Strike
2-1: Ball
3-1: Foul Ball, location: 2F
3-2: Base on Balls
Pitching: RHP Cipriano Ramírez
Batting: RHB Nick Reed 0-0: Ball
1-0: Called Strike
1-1: Foul Ball, location: 2F
1-2: Strikes out swinging
Batting: RHB Patrick Shaw 0-0: Ball
1-0: Called Strike
1-1: Swinging Strike
1-2: Strikes out looking
Top of the 3rd over - 0 run(s), 0 hit(s), 0 error(s), 1 left on base; Phoenix Hotspur 4 - Santa Barbara 3
BOTTOM OF THE 3RD
Santa Barbara Streak batting - Pitching for Phoenix Hotspur Youth : RHP Pedro Valdéz
Batting: RHB Wilson Ríos 0-0: Swinging Strike
0-1: Ball
1-1: Called Strike
1-2: DOUBLE (Flyball, 7LD)
Batting: SHB Michael Coleman 0-0: Ball
1-0: Fly out, F8 (Line Drive, 8LS)
Batting: RHB Michael Hicks 0-0: Ball
1-0: Called Strike
1-1: Called Strike
1-2: Ground out 4-3 (Groundball, 34)
Wilson Ríos to third
Batting: RHB Wayne Cameron 0-0: Ground out 5-3 (Groundball, 56S)
Bottom of the 3rd over - 0 run(s), 1 hit(s), 0 error(s), 1 left on base; Phoenix Hotspur 4 - Santa Barbara 3
TOP OF THE 4TH
Phoenix Hotspur Youth batting - Pitching for Santa Barbara Streak : RHP Cipriano Ramírez
Batting: LHB Torquato Villani 0-0: Ball
1-0: Fly out, F7 (Flyball, 78M)
Batting: SHB Jesús González 0-0: Ground out 4-3 (Groundball, 4)
Batting: RHB Alejandro Ibarra 0-0: Foul Ball, location: 2F
0-1: Ball
1-1: Foul Ball, location: 2F
1-2: Ground out 5-3 (Groundball, 56S)
Top of the 4th over - 0 run(s), 0 hit(s), 0 error(s), 0 left on base; Phoenix Hotspur 4 - Santa Barbara 3
BOTTOM OF THE 4TH
Santa Barbara Streak batting - Pitching for Phoenix Hotspur Youth : RHP Pedro Valdéz
Batting: RHB Gil Lowe 0-0: SINGLE (Line Drive, 8RS)
Batting: SHB Terry Conley 0-0: Foul Ball, location: 2F
0-1: Ball
1-1: Foul Ball, location: 2F
1-2: Strikes out swinging
Batting: RHB Pepe Medina 0-0: Ball
1-0: Fly out, F4 (Popup, 4D)
Batting: RHB Gerald Ambler 0-0: Called Strike
0-1: Ball
1-1: Ball
2-1: Ground out 5-3 (Groundball, 5)
Bottom of the 4th over - 0 run(s), 1 hit(s), 0 error(s), 1 left on base; Phoenix Hotspur 4 - Santa Barbara 3
TOP OF THE 5TH
Phoenix Hotspur Youth batting - Pitching for Santa Barbara Streak : RHP Cipriano Ramírez
Batting: LHB Alberto Torres 0-0: Ball
1-0: Swinging Strike
1-1: Called Strike
1-2: Strikes out swinging
Batting: LHB Mike Pace 0-0: Ball
1-0: Foul Ball, location: 2F
1-1: Fly out, F8 (Flyball, 8LM)
Batting: RHB Phil Terry 0-0: Ball
1-0: Ball
2-0: Swinging Strike
2-1: Ground out 6-3 (Groundball, 6MS)
Top of the 5th over - 0 run(s), 0 hit(s), 0 error(s), 0 left on base; Phoenix Hotspur 4 - Santa Barbara 3
BOTTOM OF THE 5TH
Santa Barbara Streak batting - Pitching for Phoenix Hotspur Youth : RHP Pedro Valdéz
Batting: RHB Bryan Armstrong 0-0: Foul Ball, location: 2F
0-1: Ball
1-1: Fly out, F9 (Flyball, 9LS)
Batting: RHB Wilson Ríos 0-0: Ball
1-0: Ball
2-0: Ground out 5-3 (Groundball, 56)
Batting: SHB Michael Coleman 0-0: Ball
1-0: Ball
2-0: Called Strike
2-1: Ball
3-1: Swinging Strike
3-2: Foul Ball, location: 2F
3-2: Base on Balls
Batting: RHB Michael Hicks 0-0: SINGLE (Groundball, 4MD)
Michael Coleman to second
Runner from 2nd tries for 3rd, SAFE, throw made to third
Batting: RHB Wayne Cameron 0-0: Ball
1-0: Ball
2-0: DOUBLE (Flyball, 7LM)
Michael Coleman scores
Michael Hicks to third
Runner from 3rd tries for Home, SAFE, no throw or cutoff
Pitching: LHP Corey Woods
Batting: RHB Gil Lowe 0-0: Fly out, F8 (Flyball, 8RS)
Bottom of the 5th over - 2 run(s), 2 hit(s), 0 error(s), 1 left on base; Phoenix Hotspur 4 - Santa Barbara 5
TOP OF THE 6TH
Phoenix Hotspur Youth batting - Pitching for Santa Barbara Streak : RHP Cipriano Ramírez
Batting: LHB José Villarreal 0-0: Ball
1-0: Ball
2-0: Ball
3-0: Called Strike
3-1: Foul Ball, location: 2F
3-2: Strikes out swinging
Batting: RHB Nick Reed 0-0: Called Strike
0-1: Swinging Strike
0-2: Strikes out swinging
Batting: RHB Patrick Shaw 0-0: Called Strike
0-1: Foul Ball, location: 2F
0-2: Ball
1-2: SINGLE (Line Drive, 34)
Pitching: RHP Luis Saldańa
Batting: LHB Torquato Villani 0-0: Ball
1-0: Ground out 4-3 (Groundball, 13)
Top of the 6th over - 0 run(s), 1 hit(s), 0 error(s), 1 left on base; Phoenix Hotspur 4 - Santa Barbara 5
BOTTOM OF THE 6TH
Santa Barbara Streak batting - Pitching for Phoenix Hotspur Youth : LHP Corey Woods
Batting: SHB Terry Conley 0-0: Ball
1-0: Ground out 4-3 (Groundball, 4M)
Batting: RHB Pepe Medina 0-0: Called Strike
0-1: Ball
1-1: Foul Ball, location: 2F
1-2: Fly out, F9 (Flyball, 9M)
Batting: RHB Gerald Ambler 0-0: Ball
1-0: Fly out, F7 (Flyball, 7M)
Bottom of the 6th over - 0 run(s), 0 hit(s), 0 error(s), 0 left on base; Phoenix Hotspur 4 - Santa Barbara 5
TOP OF THE 7TH
Phoenix Hotspur Youth batting - Pitching for Santa Barbara Streak : RHP Luis Saldańa
Batting: SHB Jesús González 0-0: Called Strike
0-1: Foul Ball, location: 2F
0-2: Strikes out swinging
Batting: RHB Alejandro Ibarra 0-0: Called Strike
0-1: Foul Ball, location: 2F
0-2: Ball
1-2: Ball
2-2: Ball
3-2: Foul Ball, location: 2F
3-2: Reached on error, E5 (Groundball, 5S)
Pinch Hitting: RHB Bob McNeil 0-0: Ball
1-0: Swinging Strike
1-1: Swinging Strike
1-2: Ball
2-2: Strikes out swinging
Batting: LHB Mike Pace 0-0: Fly out, F9 (Flyball, 9S)
Top of the 7th over - 0 run(s), 0 hit(s), 1 error(s), 1 left on base; Phoenix Hotspur 4 - Santa Barbara 5
BOTTOM OF THE 7TH
Santa Barbara Streak batting - Pitching for Phoenix Hotspur Youth : LHP Corey Woods
Now in LF: Joe Perry
Batting: RHB Bryan Armstrong 0-0: Ball
1-0: Swinging Strike
1-1: Ball
2-1: Foul Ball, location: 2F
2-2: Strikes out swinging
Batting: RHB Wilson Ríos 0-0: Foul Ball, location: 2F
0-1: Called Strike
0-2: Strikes out swinging
Batting: SHB Michael Coleman 0-0: Called Strike
0-1: DOUBLE (Flyball, 78D)
Pinch Hitting: RHB Tom Loiselle 0-0: Ball
1-0: Ball
2-0: Swinging Strike
2-1: Ball
3-1: Called Strike
3-2: Base on Balls
Pinch Hitting: RHB Chad Hess 0-0: Ball
1-0: Foul Ball, location: 2F
1-1: DOUBLE (Flyball, 8LXD)
Michael Coleman scores
Tom Loiselle to third
Runner from 3rd tries for Home, SAFE, no throw or cutoff
Pitching: RHP Ken Hughes
Batting: RHB Gil Lowe 0-0: Swinging Strike
0-1: SINGLE (Groundball, 5L)
Chad Hess to third
Runner from 3rd tries for Home, SAFE, no throw or cutoff
Batting: SHB Terry Conley 0-0: Ball
1-0: Ball
2-0: Fly out, F8 (Flyball, 8RM)
Bottom of the 7th over - 3 run(s), 3 hit(s), 0 error(s), 1 left on base; Phoenix Hotspur 4 - Santa Barbara 8
TOP OF THE 8TH
Phoenix Hotspur Youth batting - Pitching for Santa Barbara Streak : RHP Luis Saldańa
Now at 3B: P.J. Hall
Now in RF: Tom Loiselle
Batting: RHB Phil Terry 0-0: Called Strike
0-1: Ball
1-1: Fly out, F6 (Popup, 6M)
Batting: LHB José Villarreal 0-0: Called Strike
0-1: Ball
1-1: Fly out, F8 (Flyball, 8LM)
Batting: RHB Nick Reed 0-0: Swinging Strike
0-1: Ball
1-1: Foul Ball, location: 2F
1-2: Foul Ball, location: 2F
1-2: Ball
2-2: Foul Ball, location: 2F
2-2: Strikes out swinging
Top of the 8th over - 0 run(s), 0 hit(s), 0 error(s), 0 left on base; Phoenix Hotspur 4 - Santa Barbara 8
BOTTOM OF THE 8TH
Santa Barbara Streak batting - Pitching for Phoenix Hotspur Youth : RHP Ken Hughes
Batting: RHB Pepe Medina 0-0: Ball
1-0: Called Strike
1-1: Foul Ball, location: 2F
1-2: Foul Ball, location: 2F
1-2: Ball
2-2: Foul Ball, location: 2F
2-2: Strikes out swinging
Batting: RHB Gerald Ambler 0-0: Ball
1-0: Ball
2-0: Foul Ball, location: 2F
2-1: Swinging Strike
2-2: Foul Ball, location: 2F
2-2: Ball
3-2: Fly out, F8 (Line Drive, 8LM)
Batting: RHB Bryan Armstrong 0-0: Called Strike
0-1: DOUBLE (Flyball, 9LM)
Batting: RHB Wilson Ríos 0-0: Called Strike
0-1: Swinging Strike
0-2: Ball
1-2: Foul Ball, location: 2F
1-2: Ball
2-2: Ball
3-2: Strikes out swinging
Bottom of the 8th over - 0 run(s), 1 hit(s), 0 error(s), 1 left on base; Phoenix Hotspur 4 - Santa Barbara 8
TOP OF THE 9TH
Phoenix Hotspur Youth batting - Pitching for Santa Barbara Streak : RHP Luis Saldańa
Batting: RHB Patrick Shaw 0-0: Foul Ball, location: 2F
0-1: Ball
1-1: Swinging Strike
1-2: Strikes out swinging
Batting: LHB Torquato Villani 0-0: Bunt missed!
0-1: Foul Ball, location: 2F
0-2: Ball
1-2: Strikes out swinging
Batting: SHB Jesús González 0-0: Swinging Strike
0-1: Fly out, F8 (Flyball, 8LM)
Top of the 9th over - 0 run(s), 0 hit(s), 0 error(s), 0 left on base; Phoenix Hotspur 4 - Santa Barbara 8
This league is powered by Out of the Park Baseball, the baseball management simulation game for PC, Mac and Linux
Saturday, February 27th, 2021 - OOTP Baseball 15.6 Build 34